[Event "Sardinia World Festival-A 2024"]
[Site "Orosei"]
[Date "2024.04.30"]
[Round "5.47"]
[White "Becker, Martin Alexander"]
[Black "Botez, Alexandra"]
[Result "0-1"]
[ECO "D04"]
[WhiteElo "2373"]
[BlackElo "1970"]
[Annotator "TA"]
[PlyCount "154"]
[EventDate "2024.04.26"]
[EventType "swiss"]
[EventCountry "ITA"]
[SourceTitle "playchess.com"]
[Source "ChessBase"]
[SourceQuality "1"]
[TimeControl "40/5400+30:1800+30"]

1. Nf3 Nf6 2. d4 g6 3. e3 Bg7 4. b3 d5 5. Bb2 O-O 6. Be2 Ne4 {[%emt 0:09:26] D04: Colle System.} 7. Ne5 $146 ({Predecessor:} 7. O-O a5 8. a4 c5 9. Na3 Nc6 10. Nb5 f5 11. c4 Be6 12. Rc1 Nb4 13. Nd2 Rc8 14. Nxe4 fxe4 {1-0 Martirosyan,H (2617)-Stefanova,A (2462) Titled Tuesday intern op 30th June blitz 2020 (2)}) 7... f6 8. Nd3 a5 9. O-O c6 10. c4 Bf5 11. Nd2 Bh6 12. f4 Nxd2 13. Qxd2 Bxd3 14. Bxd3 f5 15. Rac1 e6 16. Rc2 Rf7 17. Ba3 Bf8 18. Bb2 Bb4 19. Bc3 Bxc3 20. Qxc3 b6 21. a3 Rb7 22. Rb1 Rba7 23. Rcb2 Qe7 24. Ra2 Rc7 25. Raa1 Nd7 26. b4 axb4 27. axb4 Rca7 28. Rxa7 Rxa7 29. b5 cxb5 30. Rxb5 Qa3 31. Rb3 Qa2 32. cxd5 (32. h3 {simplifies} Kf7 33. Kf1 Qa1+ 34. Qxa1 Rxa1+ 35. Kf2) 32... exd5 33. Qc8+ (33. h3 {simplifies} Kf7 34. Kf1 Qa1+ 35. Qxa1 Rxa1+ 36. Bb1) 33... Kg7 34. Rc3 $2 (34. Qc3 $11) 34... Qd2 $19 35. Bf1 Kh6 $2 ({Black should play} 35... Nc5 $1 $19 {( -> ...Ra2)} 36. dxc5 Qxc3) 36. Rd3 $1 $11 Qe1 37. Qc2 $2 (37. Qd8 $11 {and White stays safe.}) 37... Nf6 (37... Ra1 $142 38. Qf2 Qxf2+ 39. Kxf2 Nf6) 38. Qe2 Qb1 (38... Ra1 $19 39. Qxe1 Rxe1) 39. Rd1 $15 Qe4 40. h3 Ra3 41. Re1 Kg7 42. g3 {[%emt 0:06:28] [#]} (42. g4 $11 {keeps the balance.}) 42... b5 (42... Qe7 $1 $17 {[%mdl 512] ...Ne4 would now be deadly.} 43. g4 (43. Bg2 h5) 43... fxg4 44. hxg4 g5 45. fxg5 Ng8) 43. Bg2 (43. g4 $1 $11) 43... Qe7 44. e4 $2 (44. g4 $15) 44... fxe4 $19 (44... Nxe4 45. g4 Qb4 46. Rc1 $17) 45. Qxb5 Rxg3 46. Kh2 Nh5 47. Qb8 Qf6 48. Rf1 Rd3 49. Qb7+ Qf7 50. Qb8 Rxd4 51. Qb2 Qf6 $1 52. Ra1 Qxf4+ 53. Kg1 Qe3+ 54. Kh2 Kh6 55. Qb8 Qf4+ 56. Qxf4+ Nxf4 57. Bf1 Kg5 58. Kg3 Nh5+ 59. Kf2 Kf4 60. Ra7 e3+ 61. Ke1 Nf6 62. Rf7 Kf5 63. Ke2 Rf4 64. Ke1 d4 65. Bd3+ Kg5 66. Re7 Kh4 67. Bf1 Kg3 68. Ra7 g5 69. Rg7 h6 70. Rg6 Nd7 71. Rxh6 Ne5 (71... Rf2 $142 72. Re6 Rb2) 72. Rd6 Nf3+ (72... Rf2 $142 73. Be2 d3 (73... Kxh3 $2 74. Rxd4 Rf4 75. Rd8 $19) 74. Rxd3 Nxd3+ 75. Bxd3 Kxh3 76. Bf1+ Kh4 77. Kd1 g4 (77... Rxf1+ 78. Ke2 Rf8 79. Kxe3 g4 80. Ke4 g3 81. Kd5 g2 82. Kd6 g1=Q 83. Kd5 Rf5+ 84. Ke4 Qg4+ 85. Ke3 Rf3+ 86. Ke2 Qg2+ 87. Ke1 Rf1#) 78. Bd3 g3 (78... Rd2+ 79. Kc1 Rxd3 80. Kc2 Rd2+ 81. Kc3 g3 82. Kc4 g2 83. Kb5 g1=Q 84. Kc4 Qc1+ 85. Kb5 Rb2+ 86. Ka6 Qa1#) 79. Be2 g2 80. Kc2 g1=Q (80... g1=R {gets mated.} 81. Kd3 Rg3 82. Ke4 Rxe2 83. Kd5 Rc2 84. Ke5 e2 85. Ke4 e1=Q+ 86. Kd4 Rc8 87. Kd5 Rd3#) 81. Kd3 Qc1 (81... Qg3 82. Kc4 Rxe2 83. Kd3 Rd2+ 84. Kc4 e2 85. Kb5 e1=Q 86. Kc6 Qb8 87. Kc5 Qc1#) 82. Ke4 Rxe2 83. Kf5 Rf2+ 84. Ke5 e2 85. Kd6 e1=Q 86. Kd7 Rd2#) 73. Kd1 $19 Ng1 74. Bc4 Nxh3 75. Bd3 Nf2+ 76. Ke2 Nxd3 77. Kxd3 Kf2 (77... Kf3 $142 78. Rh6 g4 79. Rh1 g3 (79... e2 $2 80. Re1 $19) 80. Rf1+ Kg4 81. Rg1 Kh3 82. Rh1+ Kg2 83. Rc1 Kh2 84. Rc2+ g2 85. Rb2 Kh1 86. Rb8 g1=Q (86... g1=B $2 87. Rg8 $19) (86... g1=R {is a self mate.} 87. Re8 Kg2 88. Kc4 Kf2 89. Rb8 e2 90. Rb2 d3+ 91. Kd5 Ke3 92. Rb8 d2 93. Kc6 Rg6+ 94. Kc5 d1=Q 95. Rb3+ Kf2 96. Rd3 e1=Q 97. Rf3+ Kxf3 98. Kb5 Qe5#) 87. Rh8+ Qh2 88. Rxh2+ Kxh2 89. Ke2 Kg2 90. Kd3 Kf3 91. Kc4 e2 92. Kc5 e1=Q (92... e1=B 93. Kd5 d3 94. Ke6 d2 95. Ke7 d1=Q 96. Ke8 Ke3 97. Ke7 Bb4+ 98. Ke8 Rf8#) 93. Kd5 Rf6 (93... d3 {leads to mate.} 94. Kc5 d2 95. Kd5 Rb4 96. Kc6 d1=R 97. Kc7 Qc3#) 94. Kc4 Qb1 95. Kc5 Ke4 96. Kc4 Rc6#) 0-1

[Event "Sardinia World Festival-A 2024"]
[Site "Orosei"]
[Date "2024.04.30"]
[Round "5.48"]
[White "Botez, Andrea"]
[Black "Jakobsen, Oivind"]
[Result "1-0"]
[ECO "D00"]
[WhiteElo "1879"]
[BlackElo "1721"]
[Annotator "NA RC"]
[PlyCount "107"]
[EventDate "2024.04.26"]
[EventType "swiss"]
[EventCountry "ITA"]
[SourceTitle "playchess.com"]
[Source "ChessBase"]
[SourceQuality "1"]
[TimeControl "40/5400+30:1800+30"]

1. d4 d5 2. Nc3 Nf6 3. Bf4 c6 4. e3 e6 5. Bd3 Be7 6. Nf3 O-O 7. O-O Nbd7 8. Ne2 c5 9. c3 b6 10. Ng3 c4 11. Bc2 Bb7 12. a4 a6 13. b4 Re8 14. b5 Nf8 15. e4 dxe4 16. Ne5 Ng6 17. bxa6 Rxa6 18. Bg5 Nxe5 19. dxe5 Nd5 20. Bxe7 Qxe7 21. Nxe4 Bc6 22. Qh5 g6 23. Qh6 f5 24. exf6 Nxf6 25. Ng5 Ra5 26. h3 Nh5 27. Ne4 Bxe4 28. Bxe4 Qg5 29. Qxg5 Rxg5 30. Rfe1 Kf7 31. Rab1 Rb8 32. Rb4 Nf4 33. h4 Rc5 34. Re3 Nd5 35. Bxd5 exd5 36. Re1 Ra5 37. Re5 Kf6 38. f4 Rb7 39. Kf2 Rc5 40. g4 b5 41. Ke3 Ra7 42. Kd4 Rac7 43. axb5 Rc8 44. Rxd5 R5c7 45. b6 Rb7 46. Rc5 Rcb8 47. Rc6+ Ke7 48. Kxc4 Kd7 49. Kd5 Ra8 50. Rbc4 Kd8 51. Rd6+ Ke8 52. Rc7 Rab8 53. Rxb7 Rxb7 54. Kc6 1-0

[Event "Sardinia World Festival-A 2024"]
[Site "Orosei"]
[Date "2024.04.30"]
[Round "5.50"]
[White "Cilenti, Giuseppe Maria"]
[Black "Krishnan Vishwanathan"]
[Result "1/2-1/2"]
[ECO "C28"]
[WhiteElo "1574"]
[BlackElo "1575"]
[Annotator "NA RC"]
[PlyCount "62"]
[EventDate "2024.04.26"]
[EventType "swiss"]
[EventCountry "ITA"]
[SourceTitle "playchess.com"]
[Source "ChessBase"]
[SourceQuality "1"]
[TimeControl "40/5400+30:1800+30"]

1. e4 e5 2. Bc4 Nc6 3. Nc3 Nf6 4. d3 h6 5. f4 Bc5 6. Na4 Bxg1 7. Rxg1 d6 8. f5 d5 9. exd5 Nxd5 10. g4 Qh4+ 11. Kf1 Qh3+ 12. Rg2 Ne3+ 13. Bxe3 Qxe3 14. Qe2 Qxe2+ 15. Rxe2 f6 16. Nc5 h5 17. Be6 Nd4 18. Rf2 Bxe6 19. fxe6 b6 20. Ne4 Nxe6 21. gxh5 Rxh5 22. Rg2 Kf7 23. Ng3 Rh7 24. Kg1 Rah8 25. Rd1 Nf4 26. Rgd2 c5 27. Ne4 Ke6 28. Rf1 f5 29. Ng5+ Kf6 30. Nxh7+ Rxh7 31. Kh1 g5 1/2-1/2

[Event "Sardinia World Festival-A 2024"]
[Site "Orosei"]
[Date "2024.05.01"]
[Round "6.1"]
[White "Parkhov, Yair"]
[Black "Pichot, Alan"]
[Result "1/2-1/2"]
[ECO "E24"]
[WhiteElo "2513"]
[BlackElo "2644"]
[Annotator "TA"]
[PlyCount "83"]
[EventDate "2024.04.26"]
[EventType "swiss"]
[EventCountry "ITA"]
[SourceTitle "playchess.com"]
[Source "ChessBase"]
[SourceQuality "1"]
[TimeControl "40/5400+30:1800+30"]

1. d4 d5 2. c4 e6 3. Nc3 Bb4 4. a3 Bxc3+ 5. bxc3 Nf6 6. cxd5 exd5 7. e3 Bf5 8. f3 h5 9. Nh3 {[%emt 0:07:06] White is slightly better.} O-O 10. Bd3 Qd7 11. Ng5 c5 12. O-O (12. dxc5 Bxd3 13. Qxd3 Rc8 $17) 12... cxd4 13. cxd4 Nc6 14. Bxf5 Qxf5 {[%emt 0:00:09] [#]} 15. e4 $1 Qg6 (15... dxe4 16. fxe4) 16. e5 {[%emt 0:02:35][%cal Of3f4] Strongly threatening f4!} Nh7 17. Nh3 Rad8 18. Nf4 Qf5 19. Ra2 Rfe8 20. Rb2 b6 21. Rb5 (21. Ne2 $14) 21... Ng5 $11 22. Rxd5 ({Don't play} 22. Nxd5 Ne6 23. Bb2 Rd7 $15) 22... Ne6 23. Rxd8 Rxd8 24. Nxe6 fxe6 25. Be3 {[%emt 0:01:22] [#]} Nxd4 $1 26. Bxd4 {[%emt 0:01:10] Threatens to win with Re1.} Qf4 27. g3 Qxd4+ 28. Qxd4 Rxd4 {[%emt 0:00:07][%mdl 4096] Endgame. KR-KR} 29. Rc1 Ra4 30. Rc3 Kf7 31. f4 {[%emt 0:04:24] The position is equal.} Kg6 32. Kg2 b5 33. Kf3 Kf5 34. h3 g5 35. g4+ hxg4+ 36. hxg4+ Kg6 37. f5+ exf5 38. Rc6+ Kg7 39. Rc7+ (39. gxf5 $5 Rf4+ $8 (39... Rxa3+ $2 40. Ke4 $18) 40. Kg3 Rxf5 41. Ra6 $11) 39... Kg6 40. Rc6+ Kg7 41. Rc7+ (41. gxf5 $5 Rf4+ $8 (41... Rxa3+ $2 {loses.} 42. Ke4 $18) 42. Kg3 Rxf5 43. Ra6 $11) 41... Kg6 42. Rc6+ {[%emt 0:10:20] Weighted Error Value: White=0.10 (very precise) /Black=0.09 (flawless) .  Mistake:       	White=1     	---        Inaccurate:     	White=2     	Black=4      OK:         	White=11    	Black=12     Best:        	White=6     	Black=3} 1/2-1/2

[Event "Sardinia World Festival-A 2024"]
[Site "Orosei"]
[Date "2024.05.01"]
[Round "6.2"]
[White "Moroni, Luca Jr"]
[Black "Chigaev, Maksim"]
[Result "1/2-1/2"]
[ECO "D85"]
[WhiteElo "2580"]
[BlackElo "2621"]
[Annotator "TA"]
[PlyCount "39"]
[EventDate "2024.04.26"]
[EventType "swiss"]
[EventCountry "ITA"]
[SourceTitle "playchess.com"]
[Source "ChessBase"]
[SourceQuality "1"]
[TimeControl "40/5400+30:1800+30"]

1. d4 Nf6 2. c4 g6 3. Nc3 d5 4. cxd5 Nxd5 5. e4 Nxc3 6. bxc3 Bg7 7. Bb5+ c6 8. Ba4 O-O 9. Ne2 c5 10. O-O Nc6 11. Be3 Na5 12. dxc5 Qc7 13. Bb3 b6 14. Bd5 Bb7 15. Rb1 Bxd5 16. cxb6 axb6 {[%emt 0:00:02] The position is equal.} 17. Bxb6 ({Reject} 17. Qxd5 Nc4 18. Nd4 Nxe3 (18... Rxa2 19. Bf4 $15) 19. fxe3 Rac8 $15 (19... Qxc3 20. Rxf7 Qxe3+ 21. Kh1 $11)) 17... Qd6 18. exd5 Nc4 19. Bd4 {[%emt 0:00:54] [#] Bxg7 is the strong threat.} Qxd5 20. Bxg7 {[%emt 0:08:18] A rather calm draw.   Weighted Error Value: White=0.04 (flawless) /Black=0.03 (flawless) .  OK:         	White=5     	Black=4      Best:        	---       	Black=1} 1/2-1/2

[Event "Sardinia World Festival-A 2024"]
[Site "Orosei"]
[Date "2024.05.01"]
[Round "6.3"]
[White "Sivuk, Vitaly"]
[Black "Shevchenko, Kirill"]
[Result "1/2-1/2"]
[ECO "D45"]
[WhiteElo "2551"]
[BlackElo "2675"]
[Annotator "TA"]
[PlyCount "64"]
[EventDate "2024.04.26"]
[EventType "swiss"]
[EventCountry "ITA"]
[SourceTitle "playchess.com"]
[Source "ChessBase"]
[SourceQuality "1"]
[TimeControl "40/5400+30:1800+30"]

1. c4 c6 2. Nf3 d5 3. e3 Nf6 4. Nc3 Nbd7 5. Qc2 e6 6. b3 Bd6 7. Bb2 O-O 8. Be2 Re8 9. O-O b6 10. d4 Bb7 11. Rad1 Qc7 12. Bd3 Rad8 13. Rfe1 h6 14. Rc1 Qb8 15. cxd5 exd5 16. h3 c5 17. Qe2 Ne4 18. Ba6 cxd4 19. Nxe4 dxe4 20. Nxd4 Bxa6 21. Qxa6 Nc5 22. Qe2 Rc8 {[%emt 0:06:15] Inhibits Nc6.} 23. Nf5 Bh2+ 24. Kf1 (24. Kh1 $5 Be5 $8 25. Rf1 $11) 24... Be5 25. Ba3 Nd3 26. Qg4 $1 Nxc1 27. Nxh6+ Kh7 28. Nxf7 {[%emt 0:00:12] [#] Threatens to win with Qh5+.} Bf6 29. Qh5+ {[%emt 0:04:59] The position is equal.} Kg8 {[%emt 0:00:01] White must now prevent ...Nd3.} 30. Nd6 {[%emt 0:00:09] Qd5+ would now be deadly. Dancing on a razor blade.} Nd3 {[%emt 0:01:05] Strongly threatening ...Re5.} 31. Qf7+ Kh7 {[%emt 0:00:24] aiming for ...Ne5.} 32. Qh5+ Kg8 {[%emt 0:00:32] Weighted Error Value: White=0.05 (flawless) /Black=0.05 (flawless) .  Inaccurate:     	---       	Black=1      OK:         	White=6     	Black=10     Best:        	---       	Black=1      Strong:       	White=1     	---} 1/2-1/2

[Event "Sardinia World Festival-A 2024"]
[Site "Orosei"]
[Date "2024.05.01"]
[Round "6.4"]
[White "Van Foreest, Jorden"]
[Black "Erdogmus, Yagiz Kaan"]
[Result "1-0"]
[ECO "B10"]
[WhiteElo "2668"]
[BlackElo "2540"]
[Annotator "TA"]
[PlyCount "77"]
[EventDate "2024.04.26"]
[EventType "swiss"]
[EventCountry "ITA"]
[SourceTitle "playchess.com"]
[Source "ChessBase"]
[SourceQuality "1"]
[TimeControl "40/5400+30:1800+30"]

1. e4 c6 2. Nf3 d5 3. d3 Qc7 4. Nc3 dxe4 5. dxe4 e5 6. Bc4 b5 7. Bb3 h6 {[%emt 0:01:36] Inhibits Ng5.} 8. a4 {[%emt 0:06:11] The position is equal.} b4 9. Nb1 Nf6 10. Nbd2 Bc5 11. O-O O-O 12. Bc4 Nbd7 13. a5 Bd6 14. Qe2 Nc5 15. b3 Ne6 16. Bb2 Nf4 17. Qe1 Bg4 18. g3 Ne6 19. Kg2 {[%emt 0:01:02] Dodges Bh3+} Qd7 20. Ng1 {[%emt 0:08:39] Inhibits Bh3+.} (20. Bxe5 $2 Ng5 21. Nxg5 Bxe5 $19) (20. Nxe5 Bxe5 21. Bxe5 Bh3+ 22. Kg1 (22. Kxh3 $2 Nf4+ 23. Kh4 Ng6#) 22... Ng4 $15) 20... Ng5 (20... Rfd8 $11 {keeps the balance.}) 21. f3 $16 {[%emt 0:01:45] Black is now going downhill.} Bh3+ 22. Nxh3 Qxh3+ 23. Kh1 Rad8 24. Bd3 Rfe8 25. Nc4 c5 26. Qf2 Qc8 27. Qg2 {[%emt 0:02:42] [#] aiming for f4.} Bc7 (27... Ne6 $142 28. Nxd6 (28. Nxe5 Bxe5 29. Bxe5 Nd4 $16) 28... Rxd6) 28. f4 $18 Ne6 29. Bxe5 (29. Nxe5 Bxe5 30. fxe5 (30. Bxe5 Ng4 $11) 30... Nd7 $16 (30... Ng4 31. Qf3 $16)) 29... Nd4 30. Bxc7 Qxc7 31. e5 Nd5 32. Nd6 Ne3 (32... Rxd6 {keeps fighting.} 33. exd6 Qxd6) 33. Nxe8 Rxe8 34. Qe4 Nxf1 35. Qh7+ ({Less strong is} 35. Rxf1 g6 $16) 35... Kf8 36. Rxf1 Ke7 37. Qxg7 {[%emt 0:01:49] White is clearly winning.} Qc6+ 38. Kg1 Rf8 39. f5 {[%emt 0:00:58] Weighted Error Value: White=0.04 (flawless) /Black=0.30.  Mistake:       	---       	Black=3      Inaccurate:     	White=1     	Black=3      OK:         	White=15    	Black=12     Best:        	White=8     	---} 1-0

[Event "Sardinia World Festival-A 2024"]
[Site "Orosei"]
[Date "2024.05.01"]
[Round "6.5"]
[White "Bharath Subramaniyam H"]
[Black "Murzin, Volodar"]
[Result "1/2-1/2"]
[ECO "C54"]
[WhiteElo "2544"]
[BlackElo "2632"]
[Annotator "TA"]
[PlyCount "53"]
[EventDate "2024.04.26"]
[EventType "swiss"]
[EventCountry "ITA"]
[SourceTitle "playchess.com"]
[Source "ChessBase"]
[SourceQuality "1"]
[TimeControl "40/5400+30:1800+30"]

1. e4 e5 2. Nf3 Nc6 3. Bc4 Bc5 4. d3 Nf6 5. O-O O-O 6. h3 h6 7. Re1 d6 8. c3 a6 9. a4 Ba7 10. Nbd2 Ne7 11. Nf1 Ng6 12. Ng3 c6 13. Bb3 d5 14. exd5 Nxd5 15. d4 ({Don't play} 15. Nxe5 Nxe5 16. Rxe5 Bxf2+ 17. Kxf2 Qf6+ 18. Qf3 Qxe5 $17) 15... exd4 16. Nxd4 Nde7 17. Be3 Nd5 18. Bc1 Nf6 19. Be3 Nd5 $1 20. Bxd5 (20. Qd3 {seems wilder.} Nxe3 21. Rxe3 Bxd4 22. cxd4 Nf4 23. Qe4) 20... Qxd5 {[%emt 0:00:19] [#]} 21. Ndf5 $1 {[%emt 0:00:00] Prevents Nh4} Bxe3 {[%emt 0:15:58] The position is equal.} 22. Rxe3 Qxd1+ 23. Rxd1 a5 24. Nd6 Rb8 25. Nge4 b6 26. Nxc8 Rfxc8 27. Red3 {[%emt 0:02:11] Weighted Error Value: White=0.05 (flawless) /Black=0.03 (flawless) .  OK:         	White=6     	Black=7      Best:        	---       	Black=2      Strong:       	---       	Black=1} 1/2-1/2

[Event "Sardinia World Festival-A 2024"]
[Site "Orosei"]
[Date "2024.05.01"]
[Round "6.6"]
[White "Dardha, Daniel"]
[Black "Sokolovsky, Yahli"]
[Result "1/2-1/2"]
[ECO "D32"]
[WhiteElo "2630"]
[BlackElo "2490"]
[Annotator "TA"]
[PlyCount "35"]
[EventDate "2024.04.26"]
[EventType "swiss"]
[EventCountry "ITA"]
[SourceTitle "playchess.com"]
[Source "ChessBase"]
[SourceQuality "1"]
[TimeControl "40/5400+30:1800+30"]

1. c4 e6 2. Nf3 Nf6 3. Nc3 d5 4. e3 c5 5. cxd5 exd5 6. Bb5+ Nc6 7. d4 Bd6 8. dxc5 Bxc5 9. O-O O-O 10. Qc2 (10. b3 $14) 10... Bg4 $11 11. Rd1 Rc8 12. Qa4 (12. Nxd5 {looks sharper.} Nxd5 13. Qxc5 Ncb4 14. Qd4) 12... a6 {[%emt 0:07:45] Black is slightly better.} 13. Bxc6 Rxc6 (13... bxc6 $17 14. b3 Re8) 14. Ne5 Bxd1 {[%emt 0:09:52] This pair of bishops is nice.} 15. Nxc6 Bxa4 16. Nxd8 Rxd8 17. Nxa4 Ba7 18. Bd2 {[%emt 0:08:03] Weighted Error Value: White=0.23 (precise) /Black=0.11 (very precise) .  Mistake:       	---       	Black=1      Inaccurate:     	White=1     	---        OK:         	White=3     	Black=5      Best:        	White=1     	---} 1/2-1/2

[Event "Sardinia World Festival-A 2024"]
[Site "Orosei"]
[Date "2024.05.01"]
[Round "6.7"]
[White "Moussard, Jules"]
[Black "Zhalmakhanov, Ramazan"]
[Result "1/2-1/2"]
[ECO "C84"]
[WhiteElo "2610"]
[BlackElo "2490"]
[Annotator "TA"]
[PlyCount "71"]
[EventDate "2024.04.26"]
[EventType "swiss"]
[EventCountry "ITA"]
[SourceTitle "playchess.com"]
[Source "ChessBase"]
[SourceQuality "1"]
[TimeControl "40/5400+30:1800+30"]

1. e4 e5 2. Nf3 Nc6 3. Bb5 a6 4. Ba4 Nf6 5. O-O Be7 6. d3 b5 7. Bb3 O-O 8. a4 Rb8 9. axb5 axb5 10. Nc3 d6 11. h3 Be6 12. Nd5 Bxd5 13. exd5 Nb4 {[%emt 0:01:00] White has an edge.} 14. d4 e4 15. Ng5 c5 {[%emt 0:12:25] Strongly threatening ...c4.} 16. c3 Nd3 17. Bc2 c4 18. Qe2 Re8 (18... Nxd5 $6 19. Nxh7 (19. Nxe4 Nxc1 20. Raxc1 Nc7 $11) (19. Qxe4 Bxg5 20. Bxd3 cxd3 $17) 19... Nxc3 20. bxc3 $16) 19. Nxe4 Nxc1 20. Rfxc1 Nxe4 (20... Nxd5 $5 21. Qf3 Nc7 $11) 21. Qxe4 (21. Bxe4 $2 Bg5 22. Re1 f5 $19) 21... g6 {[%emt 0:00:02] ...Bg5 is the strong threat.} 22. Qf3 Bg5 23. Ra7 Re7 24. Rca1 b4 25. R7a4 Qe8 {[%emt 0:03:14] And now ...Re2 would win.} 26. Ra7 (26. Rxb4 $2 Rxb4 27. cxb4 Re1+ 28. Rxe1 Qxe1+ 29. Kh2 Qd2 $17) (26. Bd1 $1 $11 {remains equal.}) 26... b3 $17 27. Rxe7 (27. Bf5 $17) 27... Qxe7 $19 28. Bd1 ({Avoid the trap} 28. Be4 $2 Re8 (28... f5 $2 29. Bxf5 gxf5 30. Qxf5 $17) 29. Bxg6 fxg6 $19 (29... hxg6 $2 30. Kf1 $19)) 28... Qe1+ {[%emt 0:02:25][%mdl 1024] Black has strong compensation.} 29. Kh2 Re8 $1 {[%emt 0:00:37] White must now prevent ...Qd2.} 30. Ra7 $2 {[%emt 0:00:41] [#]} (30. g3 {keeps fighting.}) 30... f5 $1 {[%emt 0:00:53] aiming for ...Qd2.} 31. Rc7 {[%emt 0:03:38] [#]} Re3 $2 32. fxe3 $11 Bxe3 {[%emt 0:00:05] ( -> ...Bg1+)} 33. Re7 (33. Rxc4 $2 {gets mated.} Bg1+ 34. Kh1 Bf2+ 35. Kh2 Qg1#) 33... Bg1+ 34. Kh1 Be3+ 35. Kh2 Qg1+ 36. Kg3 {[%emt 0:00:04] Weighted Error Value: White=0.25 (precise) /Black=0.56.  Loses game:     	White=1     	---        Missed win:     	White=1     	Black=1      Mistake:       	White=3     	---        Inaccurate:     	---       	Black=1      OK:         	White=8     	Black=12     Best:        	White=3     	Black=2      Strong:       	---       	Black=2} 1/2-1/2

[Event "Sardinia World Festival-A 2024"]
[Site "Orosei"]
[Date "2024.05.01"]
[Round "6.8"]
[White "Aizenberg, Benny"]
[Black "Gurel, Ediz"]
[Result "1/2-1/2"]
[ECO "B90"]
[WhiteElo "2409"]
[BlackElo "2578"]
[Annotator "TA"]
[PlyCount "39"]
[EventDate "2024.04.26"]
[EventType "swiss"]
[EventCountry "ITA"]
[SourceTitle "playchess.com"]
[Source "ChessBase"]
[SourceQuality "1"]
[TimeControl "40/5400+30:1800+30"]

1. e4 c5 2. Nf3 d6 3. d4 cxd4 4. Nxd4 Nf6 5. Nc3 a6 6. Be3 e5 7. Nb3 Be7 8. h3 Be6 9. Qf3 Nbd7 10. O-O-O Rc8 11. Nd5 Bxd5 12. exd5 Nb6 13. g4 {[%emt 0:00:04][%cal Bg2g4,Bg4g5][%mdl 32] The position is equal.} Qc7 14. c3 $132 {[%emt 0:02:09][%mdl 2048] White is not holding back. Active counter play!} Nc4 (14... Nbxd5 $5 15. Bd2 (15. Rxd5 Qc6 $11) 15... Nb6 $11) 15. g5 (15. Bxc4 {simplifies} Qxc4 16. Kb1 O-O 17. Bg5) 15... Nxb2 16. Kxb2 {[%emt 0:11:40] [#] Black must now prevent Rc1.} Qxc3+ 17. Kb1 $1 {[%emt 0:02:45][%cal Od1c1] aiming for Rc1!} ({But not} 17. Ka3 $2 Rc5 18. Bxc5 (18. gxf6 $2 Ra5#) (18. Ka4 $2 Nd7 $19) 18... Qxf3 $19) 17... Qc2+ 18. Ka1 {[%emt 0:00:05][%cal Od1c1] Hoping for Rc1!} Qc3+ 19. Kb1 {[%emt 0:00:05][%cal Od1c1] Strongly threatening Rc1!} Qc2+ 20. Ka1 {[%emt 0:00:04] A rather calm draw.   Weighted Error Value: White=0.09 (flawless) /Black=0.06 (flawless) .  OK:         	White=1     	Black=7      Best:        	---       	Black=1      Strong:       	White=1     	---} 1/2-1/2

[Event "Sardinia World Festival-A 2024"]
[Site "Orosei"]
[Date "2024.05.01"]
[Round "6.9"]
[White "Lagarde, Maxime"]
[Black "Velten, Paul"]
[Result "1/2-1/2"]
[ECO "C11"]
[WhiteElo "2640"]
[BlackElo "2481"]
[Annotator "TA"]
[PlyCount "61"]
[EventDate "2024.04.26"]
[EventType "swiss"]
[EventCountry "ITA"]
[SourceTitle "playchess.com"]
[Source "ChessBase"]
[SourceQuality "1"]
[TimeControl "40/5400+30:1800+30"]

1. e4 e6 2. d4 d5 3. Nc3 Nf6 4. e5 Nfd7 5. f4 c5 6. Nf3 Nc6 7. Be3 a6 8. Qd2 Be7 9. Bd3 b5 10. Qf2 O-O 11. O-O {[%emt 0:12:49][%cal Rd4c5] The position is equal.} f6 12. Qh4 f5 13. Qf2 cxd4 14. Nxd4 Nxd4 15. Bxd4 Qc7 16. a3 Nc5 17. Be2 Bb7 18. Qe3 Rac8 19. g4 g6 20. g5 Nd7 21. Bd3 Nc5 22. b4 Ne4 23. Ne2 Kf7 24. a4 (24. Rf3 $11) 24... Bc6 (24... bxa4 $15 25. Rxa4 h6 26. gxh6 Rh8 27. Bxa6 Rxh6 28. Bxb7 Qxb7) 25. c3 (25. axb5 $11 Bxb5 26. c3) 25... Qb7 ({Black should play} 25... bxa4 $15 26. Bxa6 Ra8) 26. a5 Rh8 27. h4 h6 28. Kg2 Bd7 29. Rf3 Bc6 30. Rh1 h5 31. Rd1 {[%emt 0:02:26] Weighted Error Value: White=0.15 (very precise) /Black=0.17 (very precise) .  Mistake:       	White=2     	Black=2      Inaccurate:     	White=2     	Black=3      OK:         	White=5     	Black=9} 1/2-1/2